 Dungeon Crawl Stone Soup version 0.23.2-40-g277498a (webtiles) character file.

Game seed: 11318987762998229112

10166 ClockworkOrrery the Fighter (level 11, -23/74 HPs)
             Began as a Gargoyle Fighter on Oct 13, 2019.
             Was a Priest of Ashenzari.
             Killed from afar by a frost giant (42 damage)
             ... with a bolt of cold
             ... in an ice cave.
             The game lasted 00:36:16 (10484 turns).

ClockworkOrrery the Fighter (Gargoyle Fighter)     Turns: 10484, Time: 00:36:16

Health: -23/74     AC: 35    Str: 23    XL:     11   Next: 57%
Magic:  0/18       EV:  6    Int:  9    God:    Ashenzari [***...]
Gold:   442        SH: 12    Dex:  9    Spells: 20/20 levels left

rFire    . . .     SeeInvis +   G - +1 flail (protect)
rCold    . . .     Gourm    .   c - +0 shield (curse)
rNeg     + . .     Faith    +   e - +0 plate armour (curse)
rPois    ∞         Spirit   +   (no helmet)
rElec    +         Reflect  .   z - scarf {Spirit} (curse)
rCorr    .         Harm     .   x - +0 pair of gloves
MR       .....                  F - +2 pair of boots (curse)
Stlth    ..........             u - amulet of faith (curse)
HPRegen  0.22/turn              o - ring of see invisible
MPRegen  0.16/turn              (no ring)

@: protection aura, studying Shields
A: negative energy resistance 1, electricity resistance, unbreathing,
petrification resistance, rot immunity, AC +8
a: Curse Item, Scrying, Renounce Religion


You were in an ice cave.
You worshipped Ashenzari.
Ashenzari was most pleased with you.
You were not hungry.

You visited 3 branches of the dungeon, and saw 11 of its levels.
You also visited: Ice Cave.

You collected 442 gold pieces.

Inventory:

Hand Weapons
 a - the cursed +2 glaive "Paoqu" {vamp, *Drain +Blink rC+}
   (You acquired it on level 7 of the Dungeon)

   It inflicts no extra harm, but heals its wielder when it wounds a living foe.
   It protects you from cold.
   It lets you blink.
   It causes draining when unequipped.
   It has a curse placed upon it.
 t - a +0 trident of venom
 w - a +2 flail of holy wrath
 G - a +1 flail of protection (weapon)
Armour
 b - a scarf of cloud immunity
 c - a cursed +0 shield (worn)
 e - a cursed +0 plate armour (worn)
 s - a +0 troll leather armour
 x - a +0 pair of gloves (worn)
 z - a cursed scarf of spirit shield (worn)
 F - a cursed +2 pair of boots (worn)
 H - a +1 chain mail of magic resistance
Magical Staves
 y - an uncursed staff of energy
 J - an uncursed staff of poison
Jewellery
 o - a ring of see invisible (left hand)
 u - a cursed amulet of faith (around neck)
Wands
 k - a wand of digging (3)
 m - a wand of random effects (31)
 q - a wand of clouds (3)
 A - a wand of polymorph (5)
 C - a wand of flame (25)
Scrolls
 i - a scroll of magic mapping
 p - 6 scrolls of teleportation {unknown}
 v - 8 scrolls of identify {unknown}
 I - a scroll of fear {unknown}
Potions
 g - 3 potions of lignification
 h - a potion of heal wounds
 j - 3 potions of mutation {unknown}
 l - 6 potions of curing {unknown}
 n - a potion of invisibility {unknown}
 r - a potion of ambrosia {unknown}
 B - a potion of flight {unknown}
 D - a potion of agility
Books
 E - a manual of Shields
Comestibles
 d - 8 chunks of flesh
 f - 25 rations


   Skills:
 * Level 11.4 Fighting
 * Level 9.3 Maces & Flails
 + Level 8.6(11.4) Armour
 + Level 9.2(11.0) Shields
 + Level 5.2 Spellcasting


You had 20 spell levels left.
You didn't know any spells.
Your spell library contained the following spells:

 Spells                   Type           Power        Failure   Level  Hunger
 Infusion                 Chrm           #...         99%         1    #......
 Shroud of Golubria       Chrm/Tloc      #.........   100%        2    ##.....
 Song of Slaying          Chrm           #.......     100%        2    ##.....
 Regeneration             Chrm/Necr      #.........   100%        3    ###....
 Spectral Weapon          Hex/Chrm       #.......     100%        3    ###....


Dungeon Overview and Level Annotations

Branches:
Dungeon (9/15)             Temple (1/1) D:4            Lair (1/6) D:8
    Orc (0/2) D:9

Altars:
Ashenzari
Cheibriados
Dithmenos
Elyvilon
Fedhas
Gozag
Hepliaklqana
Kikubaaqudgha
Makhleb
Nemelex Xobeh
Okawaru
Qazlal
Ru
Sif Muna
Trog
Uskayaw
Vehumet
Wu Jian
Xom
Yredelemnul
Zin
The Shining One


Innate Abilities, Weirdness & Mutations

You are resistant to torment.
Your stone body is resilient. (AC +8)
You are immune to poison.
You resist negative energy. (rN+)
You are resistant to electric shocks. (rElec)
You can survive without breathing.
You are immune to petrification.
You are immune to rotting.


Message History

The frost giant is heavily wounded.
You sock the frost giant!
The frost giant is heavily wounded.
The frost giant casts a spell at you. The bolt of cold hits you!!
* * * LOW HITPOINT WARNING * * *
You hit the frost giant.
The frost giant is heavily wounded.
The frost giant hits you but does no damage.
You sock the frost giant!
The frost giant is severely wounded.
The frost giant barely misses you.
Your plate armour prevents you from hitting the frost giant.
The frost giant is severely wounded.
You hit the frost giant but do no damage.
The frost giant is severely wounded.
The frost giant casts a spell at you. The bolt of cold hits you!!!
Ouch! That really hurt!
You die...

≈≈ ###..÷...## ≈ * **
≈≈≈ ≈ ####....## ≈ ≈
≈≈ ≈ *####..## * ≈ ≈
≈≈ ≈ ###..# ≈≈ ≈ ≈≈
***###....# ** * ≈ ≈
** ###....### ###### ≈
###....### #....### *
####....###
..#.CY.#######YC@.####
.####.Y...#.YhY#### ##
####.....Y## ########


You could see a frost giant, 4 yaks and a wolf.

Vanquished Creatures
  An ugly thing (D:9)
  2 ice statues (IceCv)
  2 trolls
  9 polar bears (IceCv)
  A hornet (D:8)
  2 hippogriffs
  Sigmund (D:5)
  6 yaks (IceCv)
  Menkaure (D:5)
  Duvessa (D:5)
  2 porcupines (Lair:1)
  6 orc warriors (D:9)
  An eye of draining (D:9)
  3 ice beasts
  6 centaurs
  3 ogres
  11 wolves
  2 big kobolds (D:9)
  2 bullfrogs
  Dowan (D:5)
  3 gnoll sergeants (D:9)
  3 scorpions
  4 killer bees (D:8)
  2 electric eels (D:8)
  2 centaur zombies
  4 crimson imps
  3 jellies
  8 hounds
  2 orc priests
  7 orc wizards
  Ijyb (D:3)
  Natasha (thrice) (D:3)
  An iguana (D:7)
  7 worker ants
  A worker ant zombie (D:5)
  10 adders
  15 gnolls
  4 oozes
  2 adder skeletons
  A dart slug (D:3)
  6 leopard geckos
  32 orcs
  7 giant cockroaches
  10 goblins
  9 hobgoblins
  3 jackals (D:2)
  5 quokkas
  8 bats
  6 frilled lizards
  10 kobolds
  A leopard gecko zombie (D:6)
  6 rats
  A plant (D:8)
250 creatures vanquished.

Notes
Turn   | Place    | Note
-------+----------+-------------------------------------------
     0 | D:1      | ClockworkOrrery the Gargoyle Fighter began the quest for
                  | the Orb.
     0 | D:1      | Reached XP level 1. HP: 14/14 MP: 1/1
   126 | D:1      | Reached XP level 2. HP: 18/19 MP: 2/2
   584 | D:1      | Reached XP level 3. HP: 24/24 MP: 3/3
  1101 | D:2      | Found a shattered altar of Ashenzari.
  1108 | D:2      | Became a worshipper of Ashenzari the Shackled
  1162 | D:2      | Reached skill level 4 in Fighting
  1205 | D:2      | Reached XP level 4. HP: 2/29 MP: 4/4
  1641 | D:2      | Found a faded altar of an unknown god.
  1899 | D:2      | Found a shadowy altar of Dithmenos.
  1899 | D:2      | Found an iron altar of Okawaru.
  2199 | D:3      | Noticed Natasha
  2221 | D:3      | Killed Natasha
  2221 | D:3      | Reached XP level 5. HP: 16/34 MP: 5/5
  2400 | D:3      | Noticed Ijyb
  2439 | D:3      | Killed Ijyb
  2447 | D:3      | Found a hide-covered altar of Uskayaw.
  2672 | D:3      | Noticed Natasha
  2675 | D:3      | Killed Natasha
  2675 | D:3      | Reached skill level 5 in Fighting
  2714 | D:3      | Noticed Natasha
  2724 | D:3      | Killed Natasha
  2724 | D:3      | Reached XP level 6. HP: 39/40 MP: 6/6
  3400 | D:4      | Reached * piety under Ashenzari
  3465 | D:4      | Found a staircase to the Ecumenical Temple.
  3474 | Temple   | Entered the Ecumenical Temple
  3678 | D:4      | Reached skill level 6 in Fighting
  3678 | D:4      | Reached XP level 7. HP: 35/46 MP: 7/7
  3916 | D:4      | Found a sparkling altar of Nemelex Xobeh.
  4015 | D:5      | Entered Level 5 of the Dungeon
  4047 | D:5      | Noticed Sigmund
  4057 | D:5      | Killed Sigmund
  4057 | D:5      | Reached skill level 5 in Armour
  4057 | D:5      | Reached skill level 5 in Shields
  4067 | D:5      | Found an ornate altar of the Wu Jian Council.
  4292 | D:5      | Noticed Duvessa
  4303 | D:5      | Noticed Dowan
  4314 | D:5      | Killed Duvessa
  4314 | D:5      | Reached skill level 7 in Fighting
  4314 | D:5      | Reached XP level 8. HP: 46/53 MP: 8/8
  4333 | D:5      | Killed Dowan
  4873 | D:5      | Reached skill level 1 in Spellcasting
  4979 | D:5      | Noticed Menkaure
  4989 | D:5      | Killed Menkaure
  5114 | D:5      | Reached skill level 5 in Maces & Flails
  5346 | D:5      | Reached skill level 8 in Fighting
  5569 | D:6      | Reached ** piety under Ashenzari
  5569 | D:6      | Found a glowing silver altar of Zin.
  5596 | D:6      | Reached XP level 9. HP: 42/59 MP: 7/11
  6259 | D:7      | Identified a scroll of acquirement
  6260 | D:7      | Got the cursed glaive "Paoqu" {vamp, *Drain +Blink rC+}
  6793 | D:8      | Reached skill level 9 in Fighting
  6889 | D:8      | Found a burning altar of Makhleb.
  7039 | D:8      | Found a bloodstained altar of Trog.
  7041 | D:8      | Found a snail-covered altar of Cheibriados.
  7139 | D:8      | Noticed a hornet
  7151 | D:8      | Noticed a troll
  7169 | D:8      | Killed a hornet
  7214 | D:8      | Reached XP level 10. HP: 45/66 MP: 11/14
  7337 | D:8      | Found a staircase to the Lair.
  7341 | D:8      | Reached *** piety under Ashenzari
  7840 | D:9      | Noticed a green ugly thing
  7875 | D:9      | Killed a green ugly thing
  7880 | D:9      | Reached skill level 10 in Fighting
  8067 | D:9      | Found a staircase to the Orcish Mines.
  8776 | D:9      | Found a glowing golden altar of the Shining One.
  9222 | Lair:1   | Entered Level 1 of the Lair of Beasts
  9278 | Lair:1   | Found a frozen archway.
  9297 | IceCv    | Entered an ice cave
  9328 | IceCv    | Reached XP level 11. HP: 35/73 MP: 9/17
  9355 | IceCv    | HP: 1/109 [wolf (6)]
  9528 | IceCv    | Reached skill level 11 in Fighting
  9915 | IceCv    | Reached skill level 5 in Spellcasting
 10439 | IceCv    | Noticed a frost giant
 10484 | IceCv    | Killed from afar by a frost giant

Skill      XL: |  1  2  3  4  5  6  7  8  9 10 11 |
---------------+----------------------------------+-----
Fighting       | 4 5 6 7 8 9 10 11 | 11.4
Armour         | 4 5 6 7 8 |  8.6
Shields        | 4 5 6 7 8 9 |  9.2
Maces & Flails | 3 4 5 6 8 9 |  9.3
Spellcasting   | 1 3 4 5 |  5.2

Action                   |  1- 3 |  4- 6 |  7- 9 | 10-12 || total
-------------------------+-------+-------+-------+-------++-------
Melee: Flail             |   166 |   291 |   544 |   590 ||  1591
       Trident           |       |    19 |       |       ||    19
Invok: Curse Item        |       |     3 |     2 |       ||     5
  Use: Scroll            |       |       |    10 |     1 ||    11
       Potion            |       |       |       |     4 ||     4
  Eat: Chunk             |     1 |     8 |    13 |    12 ||    34
Armor: Plate armour      |   143 |   236 |   407 |   591 ||  1377
       Skin              |       |       |       |    39 ||    39
Dodge: Dodged            |    28 |    62 |   126 |   201 ||   417
Block: Shield            |   100 |   186 |   355 |   533 ||  1174
